[Event "Live Chess"]
[Site "Chess.com"]
[Date "2023.05.21"]
[Round "-"]
[White "Duke_of_Bebington"]
[Black "LutherSullivan"]
[Result "0-1"]
[WhiteElo "1584"]
[BlackElo "2126"]
[TimeControl "300"]
[EndTime "0:42:47 PDT"]
[Termination "LutherSullivan won by resignation"]

1. e4 e5 2. Nf3 Nc6 3. Bc4 Nf6 4. d3 Bc5 5. Be3 Bxe3 6. fxe3 O-O 7. O-O d5 8. exd5 Nxd5 9. Qe2 Be6 10. Bxd5 Qxd5 11. Nc3 Qd7 12. e4 Nd4 13. Qf2 Nxf3+ 14. Qxf3 f6 15. Ne2 Qb5 16. b3 Qc5+ 17. Kh1 c6 18. Rac1 Qa3 19. Ra1 Qb2 20. Rfc1 a5 21. Ng3 a4 22. b4 Bxa2 23. Nf5 Be6 24. Rab1 Qc3 25. Nd6 a3 26. Nxb7 a2 27. Ra1 Qxb4 28. Nc5 Qxc5 0-1

[Event "Live Chess"]
[Site "Chess.com"]
[Date "2023.05.21"]
[Round "-"]
[White "seasidecastle27"]
[Black "Shepherds_Pie"]
[Result "1-0"]
[WhiteElo "1869"]
[BlackElo "1918"]
[TimeControl "300"]
[EndTime "0:42:48 PDT"]
[Termination "seasidecastle27 won by checkmate"]

1. d4 d5 2. Nf3 Nf6 3. Bf4 c5 4. e3 Nc6 5. c3 g6 6. Bd3 Bg7 7. Nbd2 O-O 8. h3 b6 9. Qe2 a5 10.
O-O c4 11. Bc2 b5 12. e4 e6 13. e5 Nd7 14. Qe3 b4 15. Bg5 Qb6 16. Bh6 bxc3 17. bxc3 Qb2 18. Rfc1 Ba6 19. Bxg7 Kxg7 20. a4 Qb6 21. h4 h5 22. Ng5 Qd8 23. g3 Qe7 24. Ndf3 Rab8 25. Rab1 Rxb1 26. Rxb1 Rb8 27. Rxb8 Ncxb8 28. Nh2 Bc8 29. g4 hxg4 30. Nxg4 Nc6 31. f4 Nb4 32.
Bb1 Ba6 33. h5 gxh5 34. Qh3 hxg4 35. Qh7+ Kf8 36. Qh8# 1-0

[Event "Live Chess"]
[Site "Chess.com"]
[Date "2023.05.21"]
[Round "-"]
[White "JohanKjeldahl"]
[Black "matt1979"]
[Result "1-0"]
[WhiteElo "1890"]
[BlackElo "1527"]
[TimeControl "300"]
[EndTime "0:43:04 PDT"]
[Termination "JohanKjeldahl won by resignation"]

1. e4 d6 2. d4 Nf6 3. Nc3 e5 4.
Nf3 Nbd7 5. Bc4 Be7 6. O-O O-O 7. Be3 c6 8. h3 Qc7 9. Bb3 b5 10. d5 a6 11. dxc6 Qxc6 12. Nd5 Nxd5 13. Bxd5 Qc7 14. Bxa8 a5 15. Bd5 Ba6 16. Qd2 b4 17. Rfd1 Rc8 18.
Rac1 Nf6 19. c4 Nxd5 20. cxd5 Qb7 21. Rxc8+ Qxc8 22. Rc1 1-0

[Event "Live Chess"]
[Site "Chess.com"]
[Date "2023.05.21"]
[Round "-"]
[White "MJMykh"]
[Black "profpirate4"]
[Result "1-0"]
[WhiteElo "1132"]
[BlackElo "1275"]
[TimeControl "300"]
[EndTime "0:43:06 PDT"]
[Termination "MJMykh won by resignation"]

1. e4 c5 2. Nf3 d6 3. h3 Nf6 4. Nc3 e6 5. Bb5+ Bd7 6. Bxd7+ Qxd7 7. O-O Nc6 8. d4 cxd4 9. Nxd4 e5 10. Nxc6 Qxc6 11.
Re1 Rd8 12. Re2 d5 13. exd5 Nxd5 14. Nxd5 Rxd5 15. Qe1 Bd6 16. Rd2 O-O 17. Rxd5 Qxd5 18. Qd2 Qe6 19. Qd1 e4 20. Be3 Qe5 21. Bxa7 Qh2+ 22. Kf1 Rd8 23. Bb6 Rc8 24. c3 Rc6 25. Bd4 b6 26. Qg4 g6 27. Qxe4 Bc5 28. Qxc6 Qh1+ 29. Ke2 Qxa1 30. Bxc5 Qxb2+ 31. Kf3 Qxc3+ 32. Ke2 Qxc5 33. Qxc5 bxc5 34. a4 f5 35. a5 Kf7 36.
a6 c4 37. a7 1-0

[Event "Live Chess"]
[Site "Chess.com"]
[Date "2023.05.21"]
[Round "-"]
[White "Richardallis"]
[Black "Tushinskiy"]
[Result "0-1"]
[WhiteElo "1876"]
[BlackElo "2185"]
[TimeControl "300"]
[EndTime "0:43:17 PDT"]
[Termination "Tushinskiy won by resignation"]

1. d4 d5 2. Nf3 c6 3. Bg5 Nf6 4.
Nbd2 Bf5 5. e3 Nbd7 6. Bd3 Bg6 7. Qe2 e6 8. c3 Qc7 9. e4 dxe4 10. Nxe4 Nxe4 11.
Bxe4 Bd6 12. Bxg6 hxg6 13. h3 Nf6 14. Bxf6 gxf6 15. O-O O-O-O 16. b4 e5 17. a4 Rde8 18. Qc2 e4 19. Nd2 f5 20. Nc4 g5 21. f3 Bh2+ 22. Kf2 Qg3+ 0-1

[Event "Live Chess"]
[Site "Chess.com"]
[Date "2023.05.21"]
[Round "-"]
[White "yarek"]
[Black "BJAW87"]
[Result "1-0"]
[WhiteElo "1882"]
[BlackElo "1447"]
[TimeControl "300"]
[EndTime "0:43:41 PDT"]
[Termination "yarek won by resignation"]

1. e4 c6 2. d4 d5 3. exd5 cxd5 4. Bd3 Nc6 5. c3 Nf6 6. Bf4 Qa5 7. Nf3 Bg4 8. Nbd2 e6 9. h3 Bh5 10. Qb3 Qb6 11. Qc2 Be7 12. O-O Bg6 13. Ne5 Nxe5 14. Bxe5 O-O 15. Bxg6 fxg6 16. f4 Bd6 17. Nf3 Ne4 18. Ng5 Nxg5 19. Bxd6 Nxh3+ 20. gxh3 Qxd6 21. Qd2 Rf5 22. Rf3 g5 23. Raf1 gxf4 24. Rxf4 Rxf4 25. Rxf4 Rf8 26. Rxf8+ Kxf8 27. Qf2+ Kg8 28. Kg2 Qf8 29. Qe3 Qf5 30. b3 Qc2+ 31. Qf2 Qxf2+ 32. Kxf2 Kf7 33. Kf3 Kf6 34. Kf4 g5+ 35. Kg4 h6 36. c4 dxc4 37. bxc4 a6 38. Kh5 Kg7 39. d5 exd5 40.
cxd5 Kf6 41. Kxh6 Ke5 42. Kxg5 Kxd5 43. h4 b5 44. h5 Kc4 45. h6 Kb4 46. h7 Ka3 47. h8=Q Kxa2 48. Qc3 b4 49. Qxb4 1-0

[Event "Live Chess"]
[Site "Chess.com"]
[Date "2023.05.21"]
[Round "-"]
[White "Tiltador"]
[Black "EdenHazard8"]
[Result "0-1"]
[WhiteElo "761"]
[BlackElo "1959"]
[TimeControl "300"]
[EndTime "0:43:41 PDT"]
[Termination "EdenHazard8 won by checkmate"]

1. d4 e5 2. dxe5 Nc6 3. f4 Bc5 4. Nf3 d6 5. exd6 Nge7 6. dxe7 Bf2+ 7. Kxf2 Qxd1 8. Be3 Qxc2 9. Nc3 Qxb2 10. Re1 Qxc3 11. g3 Nxe7 12. Bg2 Nf5 13. Bc1 O-O 14. Rhf1 Re8 15.
Kg1 Ne3 16. Bxe3 Qxe3+ 17. Kh1 Be6 18. Ng5 Bxa2 19. Rf3 Qd2 20. Ref1 Rxe2 21. Rg1 Bd5 22. Rff1 Rxg2 23. Rxg2 Qxg2# 0-1

[Event "Live Chess"]
[Site "Chess.com"]
[Date "2023.05.21"]
[Round "-"]
[White "SupremeTactician"]
[Black "diana21strabt"]
[Result "1/2-1/2"]
[WhiteElo "2283"]
[BlackElo "1723"]
[TimeControl "300"]
[EndTime "0:44:02 PDT"]
[Termination "Game drawn by agreement"]

1. e4 d5 2. exd5 Qxd5 3. Nf3 Nf6 4. Be2 Bg4 5. Nc3 Qa5 6. d4 Nc6 7. Bd2 O-O-O 8. O-O Bxf3 9. Bxf3 Nxd4 10. Be3 Nxf3+ 11. Qxf3 e6 12. Rad1 Bd6 13. a3 Qe5 14. g3 h5 15. Bxa7 h4 16. Rfe1 Qg5 17. Be3 Qg6 18. Nb5 hxg3 19. Nxd6+ Rxd6 20. fxg3 Rxd1 21. Rxd1 Qe4 22.
Qxe4 Nxe4 23. Rd4 Nd6 24. Bf4 Rd8 25. Bxd6 Rxd6 26. Rxd6 cxd6 27. h4 Kc7 28. g4 Kc6 29. Kf2 Kd5 30. Kf3 Kd4 31. a4 f6 32. h5 Kc4 33.
b3+ Kc3 34. g5 fxg5 35. Kg4 Kxc2 36. b4 Kb3 37. Kxg5 Kxb4 38. Kg6 d5 39. Kxg7 d4 40. h6 d3 41. h7 d2 42. h8=Q d1=Q 43.
Qf8+ Kxa4 44. Qa8+ Kb4 45. Qxb7+ Kc3 46. Qc6+ Kb4 47. Qb6+ Kc3 48. Qxe6 Qd4+ 49. Kg6 Qd3+ 1/2-1/2

[Event "Live Chess"]
[Site "Chess.com"]
[Date "2023.05.21"]
[Round "-"]
[White "chessfiction"]
[Black "WelshTiger"]
[Result "0-1"]
[WhiteElo "2348"]
[BlackElo "2360"]
[TimeControl "300"]
[EndTime "0:44:02 PDT"]
[Termination "WelshTiger won by resignation"]

1. e4 c5 2. d4 cxd4 3. c3 Nf6 4.
e5 Nd5 5. Nf3 Nc6 6. Bc4 e6 7. O-O d6 8. exd6 Bxd6 9. Re1 O-O 10. cxd4 b6 11. Nc3 Nxc3 12. bxc3 Bb7 13. Bd3 Ne7 14. Bxh7+ Kxh7 15. Ng5+ Kg6 16. Qg4 f5 17. Qh3 Bd5 18. Qxf5+ Rxf5 0-1

[Event "Live Chess"]
[Site "Chess.com"]
[Date "2023.05.21"]
[Round "-"]
[White "Singapourfeuj"]
[Black "BillythekidFellowes"]
[Result "0-1"]
[WhiteElo "2191"]
[BlackElo "2034"]
[TimeControl "300"]
[EndTime "0:44:14 PDT"]
[Termination "BillythekidFellowes won by checkmate"]

1. d4 e5 2. dxe5 Nc6 3. Nf3 Qe7 4. Bf4 Qb4+ 5. Bd2 Qxb2 6. Nc3 Bb4 7. Rb1 Qxc3 8. Bxc3 Bxc3+ 9. Nd2 Nxe5 10. Rb3 Ba5 11. e3 Nf6 12. Rb5 Nc6 13. Rxa5 Nxa5 14. Bd3 Nc6 15. O-O d6 16. Ne4 Nxe4 17. Bxe4 Be6 18. Qf3 Ne5 19. Qg3 O-O 20. Bxb7 Rab8 21. Be4 Rb2 22.
f4 Nd7 23. f5 Bc4 24. Bd3 Bxd3 25. cxd3 Nf6 26. e4 Rxa2 27. Qf3 Rb8 28. e5 dxe5 29. g4 h6 30. Rf2 Rb1+ 31. Kg2 Rxf2+ 32. Kxf2 Rb2+ 33. Kg3 a5 34. Qa8+ Kh7 35. Qxa5 e4 36.
dxe4 Nxe4+ 37. Kf4 Nf6 38. h4 Rc2 39. g5 Rc4+ 40.
Kf3 Nd7 41. g6+ fxg6 42. fxg6+ Kxg6 43. h5+ Kf7 44. Qd5+ Ke7 45. Kg3 Rc5 46. Qd4 Rg5+ 47. Kf2 Nf6 48. Qe3+ Kf7 49. Qb3+ Rd5 50. Qc4 c5 51.
Kf3 Ke6 52. Qb3 Nxh5 53. Qb6+ Kf5 54. Qb7 Rd3+ 55. Kf2 Rd2+ 56. Ke3 Rd6 57. Qc8+ Re6+ 58. Kf3 g5 59. Qxc5+ Kg6 60. Qc2+ Kg7 61. Qc7+ Kg6 62. Qc2+ Kf7 63. Qh7+ Ng7 64. Qd3 h5 65. Qd7+ Kg6 66. Qd3+ Kh6 67. Qd5 Rf6+ 68. Kg3 h4+ 69. Kg4 Rf4+ 70. Kh3 Rf6 71. Qg8 Ne6 72. Kg4 Rf4+ 73. Kh3 Rf6 74. Kg4 Ng7 75. Qh8+ Kg6 76. Qg8 Rf4+ 77.
Kh3 Kf6 78. Qf8+ Kg6 79. Qg8 Rf3+ 80. Kg2 Rg3+ 81. Kh2 g4 82. Qd5 Nf5 83. Qe6+ Kg5 84. Qg8+ Kf6 85. Qf8+ Ke5 86. Qc5+ Kf4 87. Qc4+ Kf3 88.
Qd5+ Kf4 89. Qc4+ Kg5 90. Qc1+ Re3 91. Qc8 g3+ 92. Kh3 Kf4 93. Qc7+ Kf3 94. Qc6+ Re4 95.
Qd5 Kf4 96. Qd2+ Ne3 97. Qd6+ Kf3 98. Qf6+ Rf4 99. Qc6+ Kf2 100. Qd6 Rf3 101. Qd2+ Kg1 102. Qe1+ Nf1 103. Qe2 Rf2 104. Qe3 g2 105. Kxh4 Nh2 106. Kg3 Nf1+ 107. Kg4 Nxe3+ 108. Kg3 Kf1 109. Kh2 g1=Q+ 110. Kh3 Rh2# 0-1

[Event "Live Chess"]
[Site "Chess.com"]
[Date "2023.05.21"]
[Round "-"]
[White "Hacker_2009"]
[Black "raminguy"]
[Result "0-1"]
[WhiteElo "1911"]
[BlackElo "1940"]
[TimeControl "300"]
[EndTime "0:44:16 PDT"]
[Termination "raminguy won by checkmate"]

1. d4 d5 2. Nf3 Nf6 3. e3 e6 4. c4 Be7 5. Nc3 O-O 6. Bd3 a6 7. O-O dxc4 8. Bxc4 b5 9. Bd3 Bb7 10. b3 c5 11. Bb2 cxd4 12. Nxd4 Nbd7 13. Rc1 Ne5 14. Bb1 Rc8 15. Qe2 Ng6 16. Rfd1 Qb6 17. a3 Rfd8 18. b4 Rc7 19. Rd2 Rcd7 20. Rcd1 Ne5 21.
Nb3 Nc4 22. Rxd7 Rxd7 23. Rxd7 Nxd7 24. Bc1 Qc6 25. Qc2 Qxg2# 0-1

[Event "Live Chess"]
[Site "Chess.com"]
[Date "2023.05.21"]
[Round "-"]
[White "Salpingidis"]
[Black "LiamClery2020"]
[Result "1-0"]
[WhiteElo "2220"]
[BlackElo "2024"]
[TimeControl "300"]
[EndTime "0:44:26 PDT"]
[Termination "Salpingidis won by resignation"]

1. d4 Nf6 2. c4 g6 3. Nc3 d5 4. cxd5 Nxd5 5. Bd2 Bg7 6. e4 Nxc3 7. Bxc3 c5 8. d5 Bxc3+ 9. bxc3 O-O 10. Be2 f5 11. e5 e6 12. d6 Nc6 13. Nf3 g5 14. h3 c4 15. Bxc4 Qa5 16. Qd2 Nxe5 17. Qxg5+ Kh8 18. Nxe5 Qxe5+ 19. Qe3 Qxd6 20. O-O f4 21. Qd4+ Qxd4 22.
cxd4 Bd7 23. Rfe1 Rf6 24. d5 exd5 25. Bxd5 Bc6 26. Bxc6 bxc6 27. Re7 f3 28. g4 Kg8 29. Rd1 Rf7 30. Re6 Rc8 31. Rdd6 Rfc7 32. Rf6 c5 33.
Rxf3 c4 34. Rc3 Kf7 35. f4 Ke7 36. Rd4 Rc5 37. Kf2 R8c6 38. Kf3 Ke6 39. f5+ Kf6 40. Kf4 h6 41. h4 Kf7 42. g5 hxg5+ 43. hxg5 Ra6 44. Rdxc4 Rxc4+ 45. Rxc4 Rxa2 46. Rc7+ Kf8 47. g6 Ra4+ 48. Kg5 Ra1 49. Kf6 Ra6+ 50. Kg5 Ra1 51. Rc8+ Ke7 52. f6+ Ke6 53. Re8+ Kd7 54. f7 Rg1+ 55. Kh6 Rh1+ 56. Kg7 1-0

[Event "Live Chess"]
[Site "Chess.com"]
[Date "2023.05.21"]
[Round "-"]
[White "friarnator"]
[Black "Tilbs_12"]
[Result "1-0"]
[WhiteElo "1994"]
[BlackElo "1560"]
[TimeControl "300"]
[EndTime "0:44:42 PDT"]
[Termination "friarnator won by resignation"]

1. e4 c6 2. Nc3 d5 3. Nf3 dxe4 4. Nxe4 Nf6 5. Qe2 Nxe4 6. Qxe4 Nd7 7. Bc4 Nf6 8. Ne5 e6 9. Qe2 Bd6 10. d4 O-O 11. Bg5 Be7 12. O-O-O Nd5 13. h4 f6 14. Nf3 fxg5 15. hxg5 Bxg5+ 16. Kb1 Bf6 17. Bd3 h6 18. Qe4 Ne7 19. Rxh6 Nf5 20. Rh2 Qe8 21. Rdh1 Kf7 22. g4 Nd6 23. Qf4 Ke7 24. Rh7 Nf7 25. g5 Bxg5 26. Nxg5 Nxg5 27. Qxg5+ Kd6 28. Qe5+ Kd7 29. Rxg7+ Rf7 30. Rxf7+ Qxf7 31. Rh7 Qxh7 32. Bxh7 Ke7 1-0

[Event "Live Chess"]
[Site "Chess.com"]
[Date "2023.05.21"]
[Round "-"]
[White "Long1968"]
[Black "mattihelenius2"]
[Result "1-0"]
[WhiteElo "1013"]
[BlackElo "492"]
[TimeControl "300"]
[EndTime "0:45:23 PDT"]
[Termination "Long1968 won by resignation"]

1. e4 e5 2. f4 d6 3. Bc4 exf4 4. Nf3 Nf6 5. Nc3 Bf5 6. Qe2 Bg4 7. O-O Nc6 8. Qf2 d5 9. exd5 Nxd5 10. Bxd5 b6 11. Bxc6+ Ke7 12. Re1+ Kd6 13. Bxa8 Qxa8 14. Qd4+ Kc6 15. Qe4+ Kd7 1-0

[Event "Live Chess"]
[Site "Chess.com"]
[Date "2023.05.21"]
[Round "-"]
[White "Nazar_777"]
[Black "OSmith06"]
[Result "0-1"]
[WhiteElo "1580"]
[BlackElo "1653"]
[TimeControl "300"]
[EndTime "0:45:45 PDT"]
[Termination "OSmith06 won by checkmate"]

1. e3 Nf6 2. h4 e6 3. a3 d5 4.
c4 c5 5. cxd5 exd5 6. Nc3 Nc6 7. Be2 Bf5 8. Nf3 Bd6 9. Ng5 h6 10. Nf3 Qe7 11. Qb3 d4 12. Nd5 Nxd5 13.
Qxd5 Be4 14. Qc4 O-O 15. b3 a6 16. Bb2 b5 17. Qc1 d3 18. Bd1 Bxf3 19. Bxf3 Rac8 20. g4 Be5 21. Rg1 Na5 22. Bxe5 Nxb3 23. Qb1 Qxe5 24. Ra2 c4 25. Bd1 Nd4 26. f4 Qe4 27.
Kf2 f5 28. Rg3 Ne6 29. Qb2 fxg4 30. Bxg4 Nxf4 31. Be6+ Nxe6+ 32. Kg1 Qxh4 33. Rg2 Qf6 34. Qxf6 Rxf6 35. a4 Rcf8 36. axb5 axb5 37. Ra7 Rf1+ 38. Kh2 Ng5 39. Kg3 R8f3+ 40. Kg4 Rf7 41. Ra8+ Kh7 42. Ra6 R1f2 43. Rg3 Ne4 44. Rh3 Rg2+ 45. Kh4 Nxd2 46.
Rg3 Rxg3 47. Kxg3 Rf3+ 48. Kg4 Rxe3 49. Kf4 Nf1 50. Kf5 d2 51. Rd6 Rd3 52. Ra6 d1=Q 53. Ke4 Qf3+ 54. Ke5 Qe3+ 55. Kf5 Rd5+ 56. Kg4 Qg3# 0-1

[Event "Live Chess"]
[Site "Chess.com"]
[Date "2023.05.21"]
[Round "-"]
[White "MJMykh"]
[Black "Tushinskiy"]
[Result "0-1"]
[WhiteElo "1132"]
[BlackElo "2185"]
[TimeControl "300"]
[EndTime "0:46:12 PDT"]
[Termination "Tushinskiy won by checkmate"]

1. e4 e5 2. Nf3 d6 3. h3 Nf6 4. Nc3 Be7 5. Bc4 O-O 6. Ng5 c6 7. Nxf7 Rxf7 8. Bxf7+ Kxf7 9. O-O Nbd7 10. d3 Nc5 11.
Bg5 Ne6 12. Bxf6 Bxf6 13. a3 Qb6 14. Rb1 Bd7 15. Qh5+ Kg8 16. Qe2 Rf8 17. Qd2 Bg5 18.
Qe2 Nf4 19. Qd1 Rf6 20. Na4 Qd8 21. Nc3 Qe8 22. d4 exd4 23. Qxd4 Qg6 24. Qxa7 Bxh3 25.
Qxb7 Bxg2 26. Rfd1 Bf3 27. Rdc1 Bh4+ 28. Kf1 Qg2+ 29.
Ke1 Qxf2# 0-1

[Event "Live Chess"]
[Site "Chess.com"]
[Date "2023.05.21"]
[Round "-"]
[White "Hacker_2009"]
[Black "Singapourfeuj"]
[Result "0-1"]
[WhiteElo "1908"]
[BlackElo "2194"]
[TimeControl "300"]
[EndTime "0:46:31 PDT"]
[Termination "Singapourfeuj won by resignation"]

1. d4 e6 2. Nf3 Nf6 3. c4 Be7 4. Nc3 d5 5. e3 O-O 6. b3 c5 7. Bb2 cxd4 8. Nxd4 Nc6 9. cxd5 Nxd5 10. Nxd5 Qxd5 11. Nxc6 Qxc6 12. Rc1 Bb4+ 13. Ke2 Qb5+ 14. Kf3 Qh5+ 15. Kg3 Qg6+ 16. Qg4 Qxg4+ 17. Kxg4 e5+ 18. Kf3 f5 19. e4 fxe4+ 20. Kxe4 Bf5+ 21. Kxe5 Rae8+ 22.
Kd4 a6 23. Bc4+ Kh8 24. a3 Rd8+ 25. Ke5 Bd6+ 26. Kd4 Bf4+ 27. Kc3 b5 28. Be2 Be5+ 0-1

[Event "Live Chess"]
[Site "Chess.com"]
[Date "2023.05.21"]
[Round "-"]
[White "Denz14"]
[Black "blunderabit"]
[Result "0-1"]
[WhiteElo "1022"]
[BlackElo "1814"]
[TimeControl "300"]
[EndTime "0:46:33 PDT"]
[Termination "blunderabit won by resignation"]

1. e4 c5 2. Nf3 d6 3. c3 Nf6 4. d3 g6 5. Bg5 Bg7 6. Qd2 h6 7. Bh4 Nc6 8. Be2 O-O 9. e5 dxe5 10. Bxf6 exf6 11. h4 f5 12. g4 fxg4 13. Nh2 f5 14. Na3 Qxh4 15. O-O-O Qg5 16. Qxg5 hxg5 17. Nf1 Be6 18.
Ng3 Bxa2 19. c4 Bb3 20. Rdg1 Nd4 21. Bd1 Bxd1 22. Kxd1 Rad8 23. Nc2 e4 24. Nxd4 Rxd4 25. Ne2 Rxd3+ 26. Kc2 Rfd8 27. Rd1 Rxd1 28. Rxd1 Rxd1 29. Kxd1 Bxb2 30. Kc2 Bd4 31. Nxd4 cxd4 32. c5 e3 33. fxe3 g3 0-1

[Event "Live Chess"]
[Site "Chess.com"]
[Date "2023.05.21"]
[Round "-"]
[White "booktrunk"]
[Black "profpirate4"]
[Result "1-0"]
[WhiteElo "1283"]
[BlackElo "1259"]
[TimeControl "300"]
[EndTime "0:46:40 PDT"]
[Termination "booktrunk won by resignation"]

1. d4 f5 2. g3 e6 3. Bg2 Nf6 4.
Bg5 Be7 5. h4 h6 6. Bxf6 Bxf6 7.
c3 d5 8. Nd2 O-O 9. Ndf3 Nc6 10. e3 a5 11. Ne2 a4 12. Nf4 Qe8 13. h5 a3 14. b3 b5 15. Qd3 Nd8 16. Bf1 Bd7 17. Be2 Nf7 18. Nh4 Ng5 19. Nfg6 Rf7 20. f4 Ne4 21. Rg1 Qd8 22. Nf3 Nxg3 23. Rxg3 Bh4 24. Nfxh4 1-0

[Event "Live Chess"]
[Site "Chess.com"]
[Date "2023.05.21"]
[Round "-"]
[White "SupremeTactician"]
[Black "BJAW87"]
[Result "1-0"]
[WhiteElo "2283"]
[BlackElo "1447"]
[TimeControl "300"]
[EndTime "0:47:13 PDT"]
[Termination "SupremeTactician won by resignation"]

1. e4 c6 2. d4 d5 3. Nc3 dxe4 4.
Nxe4 Nf6 5. Nxf6+ exf6 6. c3 Bd6 7. Bd3 O-O 8. Qc2 h6 9. Ne2 Nd7 10. O-O c5 11. Re1 b6 12. Be4 Rb8 13. Bf4 Qc7 14. Bg3 Re8 15. Bd5 Bb7 16. Bxb7 Rxb7 17. dxc5 Nxc5 18.
Nd4 Rxe1+ 19. Rxe1 Qd7 20. Bxd6 Qxd6 21. Re8+ Qf8 22.
Rxf8+ Kxf8 23. b4 Ne6 24. Qe4 Re7 25. Nf5 Ng5 26. Qxe7+ 1-0

[Event "Live Chess"]
[Site "Chess.com"]
[Date "2023.05.21"]
[Round "-"]
[White "Tilbs_12"]
[Black "raminguy"]
[Result "0-1"]
[WhiteElo "1558"]
[BlackElo "1942"]
[TimeControl "300"]
[EndTime "0:47:19 PDT"]
[Termination "raminguy won by resignation"]

1. e4 e5 2. Nf3 Nc6 3. c3 d5 4. exd5 Qxd5 5. Na3 Bxa3 6. bxa3 Nf6 7. Qb3 Qd6 8. Bc4 O-O 9. O-O e4 10. Ne1 Bd7 11.
Nc2 Na5 12. Qb4 Qxb4 13. Nxb4 Nxc4 0-1

[Event "Live Chess"]
[Site "Chess.com"]
[Date "2023.05.21"]
[Round "-"]
[White "whitedjohn"]
[Black "matt1979"]
[Result "0-1"]
[WhiteElo "1645"]
[BlackElo "1538"]
[TimeControl "300"]
[EndTime "0:47:33 PDT"]
[Termination "matt1979 won by resignation"]

1. e4 d6 2. d4 Nf6 3. Nc3 e5 4. dxe5 dxe5 5. Qxd8+ Kxd8 6. Bg5 Be6 7. O-O-O+ Nd7 8.
Bb5 c6 9. Ba4 b5 10. Bb3 Bxb3 11. axb3 Be7 12. Nf3 Kc7 13. Rd2 h6 14. Bh4 Nc5 15. Nxe5 Ncxe4 16. Nxe4 Nxe4 17. Bxe7 Nxd2 18. Kxd2 Rhe8 19. Nxc6 Kxc6 20. Bh4 g5 21. Bg3 f5 22.
f3 Rad8+ 23. Kc3 a5 24. Bf2 Re2 25. Rf1 Rdd2 0-1

[Event "Live Chess"]
[Site "Chess.com"]
[Date "2023.05.21"]
[Round "-"]
[White "Rusty_Bridges"]
[Black "quantum_void"]
[Result "0-1"]
[WhiteElo "1526"]
[BlackElo "1495"]
[TimeControl "300"]
[EndTime "0:47:50 PDT"]
[Termination "quantum_void won on time"]

1. e4 e6 2. d4 d5 3. exd5 exd5 4. Nf3 Bd6 5. Bd3 Ne7 6. c3 c6 7. Bg5 O-O 8. O-O f6 9. Bh4 Bf5 10. Bg3 Bxd3 11. Qxd3 Bxg3 12. hxg3 Ng6 13. Nbd2 Nd7 14. Rae1 Qc7 15. Re2 Rfe8 16. Rfe1 Rxe2 17. Rxe2 Qd6 18. Nh4 Ndf8 19. Nf5 Qc7 20. Nb3 a5 21. Nc5 Qb6 22. Qe3 a4 23. Ne6 a3 24. b3 Re8 25. Nfxg7 Re7 26.
Nf5 Rxe6 27. Qf3 Qd8 28. Nh6+ Kg7 29. Nf5+ Kf7 30. Nh6+ Ke8 31. Rxe6+ Nxe6 32. Ng8 Kf7 33. Nh6+ Kg7 34. Nf5+ Kf8 35. Qh5 Ng5 36. Qh6+ Ke8 37.
Ng7+ Kd7 38. f4 Ne4 39. Qxh7 Kc8 40. Ne6 Qd7 41. Nf8 Qxh7 0-1

[Event "Live Chess"]
[Site "Chess.com"]
[Date "2023.05.21"]
[Round "-"]
[White "chessfiction"]
[Black "OSmith06"]
[Result "1-0"]
[WhiteElo "2348"]
[BlackElo "1653"]
[TimeControl "300"]
[EndTime "0:47:55 PDT"]
[Termination "chessfiction won by resignation"]

1. e4 c6 2. d4 d5 3. Nc3 dxe4 4. Nxe4 Bf5 5. Ng3 Bg6 6. Nf3 h6 7. Ne5 Bh7 8. Qf3 Nf6 9. Bc4 e6 10. Be3 Nbd7 11. O-O-O Bd6 12. Kb1 Qc7 13. Nh5 Bxe5 14. Nxg7+ Ke7 15. dxe5 Nxe5 16. Bc5+ 1-0

[Event "Live Chess"]
[Site "Chess.com"]
[Date "2023.05.21"]
[Round "-"]
[White "JamesWallman"]
[Black "HoarseyHorsey"]
[Result "0-1"]
[WhiteElo "755"]
[BlackElo "1457"]
[TimeControl "300"]
[EndTime "0:48:02 PDT"]
[Termination "HoarseyHorsey won by checkmate"]

1. e4 c5 2. c3 e6 3. d4 d5 4. e5 Nc6 5. Nf3 Bd7 6. Be2 cxd4 7. cxd4 Nge7 8. Nc3 a6 9. a3 Qb6 10. b4 Nf5 11.
Be3 Nxe3 12. fxe3 Be7 13. O-O O-O 14. h3 Rac8 15. Rc1 Na7 16. Nh2 Nb5 17. Nxb5 Bxb5 18. Bxb5 Qxb5 19. Ng4 Qd7 20. Qf3 Bg5 21. Qg3 Rxc1 22.
Rxc1 Rc8 23. Rxc8+ Qxc8 24. Nf6+ Bxf6 25. exf6 g6 26.
Qh4 h5 27. Qg5 Qd8 28. h4 Kf8 29. Qh6+ Ke8 30. Qh8+ Kd7 31. Qg7 Qe8 32. Kf2 Kc6 33.
Qg8 Qxg8 34. Kg3 Qd8 35. Kh3 Qxf6 36. Kh2 Qxh4+ 37. Kg1 Qe1+ 38. Kh2 Qxe3 39. Kh1 Qxd4 40. Kh2 Qc3 41. Kh1 Qxa3 42. Kh2 Qxb4 43. Kh1 d4 44. Kh2 d3 45. Kg1 d2 46. Kh2 d1=Q 47.
Kh3 Qdg4+ 48. Kh2 Qh4+ 49. Kg1 Qbd4+ 50. Kf1 Qhf2# 0-1

[Event "Live Chess"]
[Site "Chess.com"]
[Date "2023.05.21"]
[Round "-"]
[White "f4nomore"]
[Black "MaximKris"]
[Result "0-1"]
[WhiteElo "1398"]
[BlackElo "1824"]
[TimeControl "300"]
[EndTime "0:48:21 PDT"]
[Termination "MaximKris won on time"]

1. b3 d5 2. Bb2 Nf6 3. e3 Nc6 4.
Nc3 e5 5. Nge2 Bc5 6. g3 Bf5 7. Bg2 O-O 8. O-O d4 9. exd4 exd4 10. Nb5 Re8 11. Bxc6 bxc6 12. Nbxd4 Bg4 13. f3 Bh3 14. Re1 Rxe2 15. Qxe2 Bxd4+ 16. Bxd4 Qxd4+ 17. Qf2 Qd6 18. d3 Nd5 19. c4 Nb4 20. Rad1 Nxd3 21. Qe3 Nxe1 22.
Rxd6 cxd6 23. Qxe1 d5 24. cxd5 cxd5 25. Qd2 Rd8 26. g4 d4 27. Kf2 f5 28. Kg3 fxg4 29.
fxg4 Bf1 30. Qa5 Rd7 31. Qa4 Rd8 32. Qxa7 d3 33. Qc7 Rf8 34. Qc4+ Kh8 35. Qc5 Rg8 36. Qd4 Be2 37. Kf2 Rf8+ 38. Ke3 h6 39. Kd2 Rc8 40. Ke3 Rc2 41. a4 Bf1 42. a5 d2 43.
Qxd2 Rxd2 44. Kxd2 Kg8 45. Kc3 Kf7 46. Kd4 Ke6 47.
h4 Kd6 48. b4 Bb5 49. Ke4 Ke6 50. Kf4 Kf6 51. g5+ hxg5+ 52. hxg5+ Kg6 53. Ke5 Kxg5 54. Kd6 Kf6 55. Kc5 Bf1 56. Kb6 g5 0-1

[Event "Live Chess"]
[Site "Chess.com"]
[Date "2023.05.21"]
[Round "-"]
[White "Shepherds_Pie"]
[Black "JohanKjeldahl"]
[Result "0-1"]
[WhiteElo "1909"]
[BlackElo "1899"]
[TimeControl "300"]
[EndTime "0:48:41 PDT"]
[Termination "JohanKjeldahl won by resignation"]

1. c4 Nf6 2. Nc3 e5 3. Nf3 Nc6 4. e3 Bb4 5. Qc2 O-O 6. Nd5 Be7 7. a3 d6 8. Nxf6+ Bxf6 9. Bd3 h6 10. h4 d5 11. cxd5 Qxd5 12. Ng5 Qxg2 13. Be4 Qg4 14. Nh7 Bxh4 15. Nxf8 Kxf8 16. b3 Bf6 17. Bb2 Be6 18.
Bd3 e4 19. Bxe4 Bxb2 20. Bxc6 Bxa1 21. Bxb7 Rd8 22. Qxc7 Bf6 23. d4 Qf5 24. Ke2 Qb5+ 25. Kd2 Qxb3 26. Bf3 Rc8 27. Qd6+ Kg8 28. Rc1 Qb2+ 0-1

[Event "Live Chess"]
[Site "Chess.com"]
[Date "2023.05.21"]
[Round "-"]
[White "mirandaasilva"]
[Black "RoaringKnights"]
[Result "1-0"]
[WhiteElo "1643"]
[BlackElo "993"]
[TimeControl "300"]
[EndTime "0:48:46 PDT"]
[Termination "mirandaasilva won on time"]

1. d4 c6 2. e4 d5 3. exd5 cxd5 4. Bd3 e6 5. Nf3 Nc6 6. O-O Nf6 7. c3 Bd6 8. Re1 O-O 9. Ne5 Qc7 10. Bf4 Nd7 11. Qh5 g6 12. Nxg6 fxg6 13. Bxg6 Nf6 14. Bxd6 Nxh5 15. Bxc7 hxg6 16. Na3 Bd7 17. Bd6 Rf7 18. g3 Nf6 19. Nb5 Ne4 20. Bf4 g5 21. Nd6 Rff8 22. Be3 Nxd6 23. b4 Nc4 24. Bc1 Rf7 25. a4 Raf8 26.
Ra2 e5 27. b5 Ne7 28. dxe5 Be6 29. Bxg5 Ng6 30. f4 Rc8 31. h3 Bxh3 32. Kh2 Be6 33. Kg2 Rcf8 34. Rh1 Kg7 35. Bf6+ Rxf6 36. exf6+ Rxf6 37. Re2 Kf7 38. Rf2 Ke7 39. Rc2 Kd7 40. Ra2 Kd6 41. Rh7 Kc5 42. Rxb7 Kd6 43. a5 1-0